Pittsburgh Penguins vs Nashville Predators
Created - Saturday, February 24, 2024 at 06:54
Goals
|
| Pittsburgh Penguins |
1 |
1 |
1 |
3 |
| Nashville Predators |
0 |
1 |
0 |
1 |
|
Shots
|
| Pittsburgh Penguins |
14 |
7 |
7 |
28 |
| Nashville Predators |
9 |
21 |
15 |
45 |
|
1st period
1. Pittsburgh Penguins , Ryan Johansen 1 (Mattias Ekholm 2) at 12:42
Penalties :
Erik Gudbranson (PIT) for Tripping (Minor) at 5:26
2nd period
2. Nashville Predators , Morgan Frost 7 (Sam Gagner 6) at 12:41
3. Pittsburgh Penguins , Phillip Danault 4 (Ryan Johansen 6) at 15:09
Penalties :
Erik Gudbranson (PIT) for Interference (Minor) at 9:09, Ryan Johansen (PIT) for Roughing (Minor) at 17:31
3rd period
4. Pittsburgh Penguins , Colton Sissons 4 (Erik Karlsson 10, Mattias Ekholm 3) at 9:23
Penalties :
Justin Braun (NSH) for Tripping (Minor) at 1:57, Anders Lee (PIT) for Holding (Minor) at 7:06
Goalie Stats
Marc-Andre Fleury (PIT), 44 saves from 45 shots - (0.978), W, 9-3-1, 60:00 minutes
Adin Hill (NSH), 25 saves from 28 shots - (0.893), L, 4-7-3, 60:00 minutes
Players Stats for Pittsburgh Penguins
Player Name G A P +/- PIM S H SB GA TA FO MP PP MP PK MP
------------------------------------------------------------------------------------
Anders Lee 0 0 0 0 2 1 2 0 0 1 1/1 14:05 0:56 0:00
Brian Dumoulin 0 0 0 0 0 0 0 2 0 2 0/0 22:30 1:22 3:48
Colton Sissons 1 0 1 1 0 1 2 0 0 1 2/4 9:19 0:00 0:00
Erik Gudbranson 0 0 0 1 4 0 2 1 0 0 0/0 15:31 0:00 0:06
Erik Karlsson 0 1 1 1 0 2 0 3 0 0 0/0 22:22 0:37 4:08
Gabriel Vilardi 0 0 0 1 0 4 0 0 0 0 0/0 9:19 0:00 0:00
J.J. Moser 0 0 0 1 0 1 1 1 0 1 0/0 15:08 0:00 0:00
Jean-Gabriel Pageau 0 0 0 0 0 1 1 0 0 0 6/11 14:04 0:56 0:00
Jordan Eberle 0 0 0 2 0 0 1 0 0 2 0/1 13:11 0:00 0:00
Leon Draisaitl 0 0 0 -1 0 1 1 1 0 1 16/26 19:29 1:03 4:18
Mattias Ekholm 0 2 2 1 0 2 1 2 0 0 0/0 22:22 0:37 4:08
Mitchell Marner 0 0 0 -1 0 4 0 0 2 0 0/0 19:29 1:03 4:18
Pavel Buchnevich 0 0 0 -1 0 0 2 0 1 0 0/1 18:57 1:03 3:32
Phillip Danault 1 0 1 2 0 2 2 0 1 0 8/13 13:58 0:00 0:31
Ryan Johansen 1 1 2 2 2 2 1 0 1 1 0/0 13:13 0:00 0:00
Ryan Suter 0 0 0 0 0 0 0 2 0 1 0/0 22:30 1:22 3:48
Sam Reinhart 0 0 0 0 0 4 1 0 0 1 2/3 17:14 0:56 3:07
Tom Wilson 0 0 0 1 0 3 0 0 0 0 0/0 9:19 0:00 0:00
Players Stats for Nashville Predators
Player Name G A P +/- PIM S H SB GA TA FO MP PP MP PK MP
------------------------------------------------------------------------------------
Alex Newhook 0 0 0 0 0 1 0 0 1 1 0/0 13:14 3:46 1:00
Alexander Alexeyev 0 0 0 -1 0 0 0 0 0 0 0/0 21:25 4:09 0:49
Corey Perry 0 0 0 0 0 1 0 0 1 1 0/0 8:40 0:00 0:00
Ethan Bear 0 0 0 -1 0 1 4 3 0 0 0/0 22:26 4:09 1:02
Henri Jokiharju 0 0 0 0 0 3 2 1 0 0 0/0 20:40 3:47 1:02
Jacob Peterson 0 0 0 -1 0 6 2 0 3 0 0/2 18:52 3:13 0:24
Jakub Voracek 0 0 0 -1 0 1 0 1 2 0 0/1 18:17 3:13 0:00
Justin Braun 0 0 0 -1 2 5 1 1 0 1 0/0 17:40 0:00 0:00
Kevin Labanc 0 0 0 0 0 3 1 0 0 0 0/2 13:52 0:43 0:00
Markus Niemelainen 0 0 0 0 0 0 1 0 0 0 0/0 16:12 0:00 0:25
Morgan Frost 1 0 1 1 0 3 0 1 1 0 10/22 17:55 4:00 0:38
Nate Schmidt 0 0 0 -1 0 1 0 1 0 0 0/0 21:37 3:47 0:40
Patrick Maroon 0 0 0 -2 0 1 1 0 1 0 0/3 14:25 0:57 0:00
Rasmus Kupari 0 0 0 -1 0 6 2 1 1 0 5/10 13:18 0:00 1:00
Ryan Carpenter 0 0 0 0 0 1 0 0 0 0 1/2 9:36 0:00 0:56
Sam Gagner 0 1 1 1 0 5 2 0 1 1 0/0 17:22 4:00 0:00
Thomas Novak 0 0 0 -1 0 2 2 0 0 1 9/18 18:43 3:13 0:00
Zemgus Girgensons 0 0 0 -2 0 5 1 0 0 0 0/0 13:46 0:43 0:00
3 Stars
1 - Marc-Andre Fleury (PIT)
2 - Phillip Danault (PIT)
3 - Ryan Johansen (PIT)
Power Play
Pittsburgh Penguins - 0 on 1 Attempt(s) - 0.00%
Nashville Predators - 0 on 4 Attempt(s) - 0.00%
Penalty Kill
Pittsburgh Penguins - 4 on 4 Attempt(s) - 100.00%
- Score 0 goal in Penalty Kill
Nashville Predators - 1 on 1 Attempt(s) - 100.00%
- Score 0 goal in Penalty Kill
Team Stat
Pittsburgh Penguins - Hits : 17 - Faceoff Wins : 35 - Blocked Shots : 12 - Penalty Minutes : 8
Nashville Predators - Hits : 19 - Faceoff Wins : 25 - Blocked Shots : 9 - Penalty Minutes : 2
Official
Referees : Francis Charron and Francois StLaurent
Linesman : Brad Kovachik and Tim Nowak
Game Notes
No Game Note
Finance
Level 1 -- Attendance: 4976 (82.93%) -- Ticket Income $497,600
Level 2 -- Attendance: 4038 (80.76%) -- Ticket Income $242,280
Level 3 -- Attendance: 2309 (76.97%) -- Ticket Income $80,815
Level 4 -- Attendance: 3493 (69.86%) -- Ticket Income $87,325
Luxury Box -- Attendance: 795 (79.50%) -- Ticket Income $159,000
Game was played at the Bridgestone Arena.
Total Attendance: 15611 (78.06%)
Total Ticket Income: $1,067,020
Other Income: $373,457
Total Income: $1,440,477
Pittsburgh Penguins
5 vs 5 Forward
Center Left Wing Right Wing Time % Phy DF OF
1 Leon Draisaitl Pavel Buchnevich Mitchell Marner 30 1 2 2
2 Jean-Gabriel Pageau Anders Lee Sam Reinhart 30 1 2 2
3 Phillip Danault Jordan Eberle Ryan Johansen 25 1 2 2
4 Colton Sissons Gabriel Vilardi Tom Wilson 15 1 2 2
5 vs 5 Defense
Defense Defense Time % Phy DF OF
1 Erik Karlsson Mattias Ekholm 35 1 2 2
2 Ryan Suter Brian Dumoulin 35 1 2 2
3 Erik Gudbranson J.J. Moser 30 1 2 2
4 Erik Karlsson Mattias Ekholm 0 1 2 2
PowerPlay Forward
Center Left Wing Right Wing Time % Phy DF OF
1 Leon Draisaitl Pavel Buchnevich Mitchell Marner 50 1 2 2
2 Jean-Gabriel Pageau Anders Lee Sam Reinhart 50 1 2 2
PowerPlay Defense
Defense Defense Time % Phy DF OF
1 Erik Karlsson Mattias Ekholm 50 1 2 2
2 Ryan Suter Brian Dumoulin 50 1 2 2
Penalty Kill 4 Players Forward
Center Wing Time % Phy DF OF
1 Leon Draisaitl Mitchell Marner 50 1 2 2
2 Sam Reinhart Pavel Buchnevich 50 1 2 2
Penalty Kill 4 Players Defense
Defense Defense Time % Phy DF OF
1 Erik Karlsson Mattias Ekholm 50 1 2 2
2 Ryan Suter Brian Dumoulin 50 1 2 2
Penalty Kill - 3 Players Forward
Forward Time % Phy DF OF
1 Leon Draisaitl 50 1 2 2
2 Mitchell Marner 50 1 2 2
Penalty Kill - 3 Players Defense
Defense Defense Time % Phy DF OF
1 Erik Karlsson Mattias Ekholm 50 1 2 2
2 Ryan Suter Brian Dumoulin 50 1 2 2
4 vs 4 Forward
Center Wing Time % Phy DF OF
1 Leon Draisaitl Mitchell Marner 50 1 2 2
2 Sam Reinhart Pavel Buchnevich 50 1 2 2
4 vs 4 Defense
Defense Defense Time % Phy DF OF
1 Erik Karlsson Mattias Ekholm 50 1 2 2
2 Ryan Suter Brian Dumoulin 50 1 2 2
Last Minutes Offensive
Center Left Wing Right Wing Defense Defense
Leon Draisaitl Pavel Buchnevich Mitchell Marner Erik Karlsson Mattias Ekholm
Last Minutes Defensive
Center Left Wing Right Wing Defense Defense
Leon Draisaitl Pavel Buchnevich Mitchell Marner Erik Karlsson Mattias Ekholm
Goaltenders
Starting : Marc-Andre Fleury
Backup : Akira Schmid
Extra Forwards
Normal : Tom Wilson, Gabriel Vilardi, Phillip Danault - PP : Tom Wilson, Gabriel Vilardi - PK : Phillip Danault
Extra Defensemen
Normal : Erik Gudbranson, J.J. Moser, Ryan Suter - PP : Erik Gudbranson - PK : J.J. Moser, Ryan Suter
Penalty Shots
Leon Draisaitl, Mitchell Marner, Sam Reinhart, Pavel Buchnevich, Jean-Gabriel Pageau
Nashville Predators
5 vs 5 Forward
Center Left Wing Right Wing Time % Phy DF OF
1 Thomas Novak Jacob Peterson Jakub Voracek 30 1 2 2
2 Morgan Frost Kevin Labanc Sam Gagner 30 1 2 2
3 Rasmus Kupari Patrick Maroon Zemgus Girgensons 25 1 2 2
4 Ryan Carpenter Alex Newhook Corey Perry 15 1 2 2
5 vs 5 Defense
Defense Defense Time % Phy DF OF
1 Henri Jokiharju Ethan Bear 35 1 2 2
2 Nate Schmidt Justin Braun 35 1 2 2
3 Alexander Alexeyev Markus Niemelainen 30 1 2 2
4 Henri Jokiharju Ethan Bear 0 1 2 2
PowerPlay Forward
Center Left Wing Right Wing Time % Phy DF OF
1 Thomas Novak Jacob Peterson Jakub Voracek 50 1 2 2
2 Morgan Frost Alex Newhook Sam Gagner 50 1 2 2
PowerPlay Defense
Defense Defense Time % Phy DF OF
1 Nate Schmidt Henri Jokiharju 50 1 2 2
2 Ethan Bear Alexander Alexeyev 50 1 2 2
Penalty Kill 4 Players Forward
Center Wing Time % Phy DF OF
1 Ryan Carpenter Jacob Peterson 50 1 2 2
2 Rasmus Kupari Alex Newhook 50 1 2 2
Penalty Kill 4 Players Defense
Defense Defense Time % Phy DF OF
1 Henri Jokiharju Ethan Bear 50 1 2 2
2 Nate Schmidt Justin Braun 50 1 2 2
Penalty Kill - 3 Players Forward
Forward Time % Phy DF OF
1 Ryan Carpenter 50 1 2 2
2 Rasmus Kupari 50 1 2 2
Penalty Kill - 3 Players Defense
Defense Defense Time % Phy DF OF
1 Henri Jokiharju Ethan Bear 50 1 2 2
2 Nate Schmidt Justin Braun 50 1 2 2
4 vs 4 Forward
Center Wing Time % Phy DF OF
1 Thomas Novak Jacob Peterson 50 1 2 2
2 Morgan Frost Sam Gagner 50 1 2 2
4 vs 4 Defense
Defense Defense Time % Phy DF OF
1 Henri Jokiharju Ethan Bear 50 1 2 2
2 Nate Schmidt Justin Braun 50 1 2 2
Last Minutes Offensive
Center Left Wing Right Wing Defense Defense
Thomas Novak Jacob Peterson Kevin Labanc Ethan Bear Henri Jokiharju
Last Minutes Defensive
Center Left Wing Right Wing Defense Defense
Morgan Frost Rasmus Kupari Ryan Carpenter Henri Jokiharju Ethan Bear
Goaltenders
Starting : Adin Hill
Backup : Kevin Lankinen
Extra Forwards
Normal : Thomas Novak, Sam Gagner, Morgan Frost - PP : Sam Gagner, Alex Newhook - PK : Morgan Frost
Extra Defensemen
Normal : Henri Jokiharju, Ethan Bear, Nate Schmidt - PP : Markus Niemelainen - PK : Alexander Alexeyev, Markus Niemelainen
Penalty Shots
Jacob Peterson, Jakub Voracek, Kevin Labanc, Morgan Frost, Thomas Novak
% Time on Ice - Pittsburgh Penguins
Lines # - Real PCT - Wanted PCT - Time Play
Normal Forward
1 - 28% - 30% - 14:08
2 - 27% - 30% - 13:27
3 - 26% - 25% - 13:11
4 - 19% - 15% - 9:19
Normal Defense
1 - 35% - 35% - 17:37
2 - 35% - 35% - 17:20
3 - 30% - 30% - 15:08
4 - 0% - 0% - 0:00
PP Forward
1 - 53% - 50% - 1:03
2 - 47% - 50% - 0:56
PP Defense
1 - 31% - 50% - 0:37
2 - 69% - 50% - 1:22
PK Forward
1 - 54% - 50% - 4:18
2 - 46% - 50% - 3:38
PK Defense
1 - 52% - 50% - 4:08
2 - 48% - 50% - 3:48
PK3 Forward
1 - 0% - 50%
2 - 0% - 50%
PK3 Defense
1 - 0% - 50%
2 - 0% - 50%
44 Forward
1 - 0% - 50%
2 - 0% - 50%
44 Defense
1 - 0% - 50%
2 - 0% - 50%
Last Minute Offensive - 0:00
Last Minute Defensive - 0:00
Total
Forward - 60:00
Defense - 60:00
|
% Time on Ice - Nashville Predators
Lines # - Real PCT - Wanted PCT - Time Play
Normal Forward
1 - 31% - 30% - 15:32
2 - 26% - 30% - 13:08
3 - 25% - 25% - 12:45
4 - 17% - 15% - 8:40
Normal Defense
1 - 33% - 35% - 16:27
2 - 36% - 35% - 17:58
3 - 31% - 30% - 15:40
4 - 0% - 0% - 0:00
PP Forward
1 - 41% - 50% - 3:13
2 - 59% - 50% - 4:43
PP Defense
1 - 48% - 50% - 3:47
2 - 52% - 50% - 4:09
PK Forward
1 - 50% - 50% - 0:59
2 - 50% - 50% - 1:00
PK Defense
1 - 52% - 50% - 1:02
2 - 48% - 50% - 0:57
PK3 Forward
1 - 0% - 50%
2 - 0% - 50%
PK3 Defense
1 - 0% - 50%
2 - 0% - 50%
44 Forward
1 - 0% - 50%
2 - 0% - 50%
44 Defense
1 - 0% - 50%
2 - 0% - 50%
Last Minute Offensive - 0:00
Last Minute Defensive - 0:00
Total
Forward - 60:00
Defense - 60:00
|
Play-by-Play
1st period
0:01 of 1st period - Thomas Novak wins face-off versus Leon Draisaitl in neutral zone.
0:04 of 1st period - Mitchell Marner is hit by Henri Jokiharju and loses puck.
0:15 of 1st period - Erik Karlsson is hit by Henri Jokiharju and loses puck.
0:45 of 1st period - Slapshot by Erik Karlsson.
0:45 of 1st period - Shot Blocked by Justin Braun.
0:47 of 1st period - Slapshot by Mattias Ekholm.
0:47 of 1st period - Shot Misses the Net.
0:49 of 1st period - Wrist shot by Mattias Ekholm.
0:49 of 1st period - Stopped by Adin Hill with a rebound.
0:51 of 1st period - Snap shot by Phillip Danault.
0:51 of 1st period - Stopped by Adin Hill with a rebound.
0:53 of 1st period - Snap shot by Phillip Danault.
0:53 of 1st period - Shot Misses the Net.
1:49 of 1st period - Snap shot by Corey Perry.
1:49 of 1st period - Stopped by Marc-Andre Fleury with a rebound.
2:04 of 1st period - Slapshot by Justin Braun.
2:04 of 1st period - Deflect By Ryan Carpenter.
2:04 of 1st period - Stopped by Marc-Andre Fleury with a rebound.
2:06 of 1st period - Slapshot by Justin Braun.
2:06 of 1st period - Stopped by Marc-Andre Fleury with a rebound.
2:08 of 1st period - Snap shot by Alex Newhook.
2:08 of 1st period - Shot Blocked by Brian Dumoulin.
2:57 of 1st period - Snap shot by Phillip Danault.
2:57 of 1st period - Shot Misses the Net.
3:45 of 1st period - Wrist shot by Alex Newhook.
3:45 of 1st period - Stopped by Marc-Andre Fleury without a rebound.
3:46 of 1st period - Jean-Gabriel Pageau wins face-off versus Morgan Frost in Pittsburgh Penguins zone.
3:50 of 1st period - Off-side.
3:51 of 1st period - Anders Lee wins face-off versus Morgan Frost in neutral zone.
4:42 of 1st period - Wrist shot by Rasmus Kupari.
4:42 of 1st period - Shot Misses the Net.
4:44 of 1st period - Slapshot by Rasmus Kupari.
4:44 of 1st period - Deflect By Zemgus Girgensons.
4:44 of 1st period - Shot Blocked by Mattias Ekholm.
4:44 of 1st period - Puck is out of play.
4:45 of 1st period - Jean-Gabriel Pageau wins face-off versus Rasmus Kupari in Pittsburgh Penguins zone.
5:12 of 1st period - Henri Jokiharju is hit by Colton Sissons.
5:16 of 1st period - Erik Karlsson is hit by Markus Niemelainen and loses puck.
5:23 of 1st period - Backhand shot by Zemgus Girgensons.
5:23 of 1st period - Deflect By Rasmus Kupari.
5:23 of 1st period - Stopped by Marc-Andre Fleury without a rebound.
5:24 of 1st period - Leon Draisaitl wins face-off versus Thomas Novak in Pittsburgh Penguins zone.
5:26 of 1st period - Minor Penalty to Erik Gudbranson for Tripping.
5:27 of 1st period - Leon Draisaitl wins face-off versus Thomas Novak in Pittsburgh Penguins zone.
5:37 of 1st period - Slapshot by Jacob Peterson.
5:37 of 1st period - Stopped by Marc-Andre Fleury without a rebound.
5:38 of 1st period - Sam Reinhart wins face-off versus Thomas Novak in Pittsburgh Penguins zone.
6:49 of 1st period - Erik Karlsson is hit by Sam Gagner and loses puck.
7:26 of 1st period - Penalty to Erik Gudbranson is over, Erik Gudbranson is back on ice.
7:45 of 1st period - Snap shot by Gabriel Vilardi.
7:45 of 1st period - Stopped by Adin Hill with a rebound.
9:21 of 1st period - Wrist shot by Tom Wilson.
9:21 of 1st period - Deflect By Gabriel Vilardi.
9:21 of 1st period - Stopped by Adin Hill with a rebound.
9:35 of 1st period - Alexander Alexeyev is hit by Pavel Buchnevich and loses puck.
10:24 of 1st period - Rasmus Kupari is hit by Erik Gudbranson and loses puck.
10:46 of 1st period - Slapshot by Anders Lee.
10:46 of 1st period - Deflect By Sam Reinhart.
10:46 of 1st period - Stopped by Adin Hill with a rebound.
10:48 of 1st period - Wrist shot by Sam Reinhart.
10:48 of 1st period - Shot Hit the Post.
11:05 of 1st period - Snap shot by Gabriel Vilardi.
11:05 of 1st period - Stopped by Adin Hill without a rebound.
11:06 of 1st period - Leon Draisaitl wins face-off versus Jakub Voracek in Nashville Predators zone.
11:07 of 1st period - Wrist shot by Mitchell Marner.
11:07 of 1st period - Shot Misses the Net.
11:31 of 1st period - Icing by Thomas Novak.
11:32 of 1st period - Thomas Novak wins face-off versus Jean-Gabriel Pageau in Nashville Predators zone.
11:32 of 1st period - Thomas Novak is hit by Erik Gudbranson.
11:48 of 1st period - Slapshot by Kevin Labanc.
11:48 of 1st period - Shot Misses the Net.
11:58 of 1st period - Wrist shot by Thomas Novak.
11:58 of 1st period - Stopped by Marc-Andre Fleury with a rebound.
12:00 of 1st period - Snap shot by Thomas Novak.
12:00 of 1st period - Shot Blocked by Erik Gudbranson.
12:02 of 1st period - Snap shot by Thomas Novak.
12:02 of 1st period - Shot Misses the Net.
12:04 of 1st period - Wrist shot by Thomas Novak.
12:04 of 1st period - Shot Misses the Net.
12:06 of 1st period - Slapshot by Markus Niemelainen.
12:06 of 1st period - Shot Misses the Net.
12:42 of 1st period - Wrist shot by Ryan Johansen.
12:42 of 1st period - Goal by Ryan Johansen - Pittsburgh Penguins : 1 - Nashville Predators : 0.
12:43 of 1st period - Morgan Frost wins face-off versus Pavel Buchnevich in neutral zone.
13:08 of 1st period - Jacob Peterson is hit by Anders Lee and loses puck.
13:29 of 1st period - Slapshot by Erik Karlsson.
13:29 of 1st period - Shot Misses the Net.
13:54 of 1st period - Slapshot by Sam Gagner.
13:54 of 1st period - Deflect By Kevin Labanc.
13:54 of 1st period - Shot Misses the Net.
13:54 of 1st period - Puck is out of play.
13:55 of 1st period - Colton Sissons wins face-off versus Kevin Labanc in Pittsburgh Penguins zone.
14:00 of 1st period - Wrist shot by Gabriel Vilardi.
14:00 of 1st period - Stopped by Adin Hill with a rebound.
15:30 of 1st period - Slapshot by Tom Wilson.
15:30 of 1st period - Stopped by Adin Hill with a rebound.
15:32 of 1st period - Slapshot by Erik Gudbranson.
15:32 of 1st period - Shot Misses the Net.
15:46 of 1st period - Backhand shot by Thomas Novak.
15:46 of 1st period - Shot Misses the Net.
16:10 of 1st period - Wrist shot by Alex Newhook.
16:10 of 1st period - Deflect By Jean-Gabriel Pageau.
16:10 of 1st period - Shot Misses the Net.
16:10 of 1st period - Puck is out of play.
16:11 of 1st period - Leon Draisaitl wins face-off versus Morgan Frost in Pittsburgh Penguins zone.
16:11 of 1st period - Leon Draisaitl is hit by Ethan Bear.
16:19 of 1st period - Slapshot by Mitchell Marner.
16:19 of 1st period - Stopped by Adin Hill without a rebound.
16:20 of 1st period - Leon Draisaitl wins face-off versus Morgan Frost in Nashville Predators zone.
16:23 of 1st period - Wrist shot by Pavel Buchnevich.
16:23 of 1st period - Shot Misses the Net.
16:25 of 1st period - Slapshot by Pavel Buchnevich.
16:25 of 1st period - Shot Misses the Net.
16:27 of 1st period - Slapshot by Erik Karlsson.
16:27 of 1st period - Stopped by Adin Hill without a rebound.
16:28 of 1st period - Thomas Novak wins face-off versus Leon Draisaitl in Nashville Predators zone.
16:35 of 1st period - Slapshot by Jacob Peterson.
16:35 of 1st period - Stopped by Marc-Andre Fleury without a rebound.
16:36 of 1st period - Leon Draisaitl wins face-off versus Jacob Peterson in Pittsburgh Penguins zone.
17:45 of 1st period - Snap shot by Mitchell Marner.
17:45 of 1st period - Stopped by Adin Hill without a rebound.
17:46 of 1st period - Jean-Gabriel Pageau wins face-off versus Morgan Frost in Nashville Predators zone.
17:55 of 1st period - Snap shot by Sam Reinhart.
17:55 of 1st period - Shot Misses the Net.
17:57 of 1st period - Slapshot by J.J. Moser.
17:57 of 1st period - Stopped by Adin Hill with a rebound.
17:59 of 1st period - Slapshot by Erik Gudbranson.
17:59 of 1st period - Shot Misses the Net.
18:01 of 1st period - Slapshot by Erik Gudbranson.
18:01 of 1st period - Shot Misses the Net.
18:37 of 1st period - Slapshot by Rasmus Kupari.
18:37 of 1st period - Shot Misses the Net.
18:39 of 1st period - Snap shot by Patrick Maroon.
18:39 of 1st period - Shot Misses the Net.
18:41 of 1st period - Wrist shot by Rasmus Kupari.
18:41 of 1st period - Stopped by Marc-Andre Fleury with a rebound.
18:45 of 1st period - Wrist shot by Rasmus Kupari.
18:45 of 1st period - Shot Blocked by Ryan Suter.
19:23 of 1st period - Icing by Colton Sissons.
19:24 of 1st period - Thomas Novak wins face-off versus Phillip Danault in Pittsburgh Penguins zone.
19:41 of 1st period - Snap shot by Anders Lee.
19:41 of 1st period - Stopped by Adin Hill with a rebound.
Goals for this period are 1 for Pittsburgh Penguins vs 0 for Nashville Predators.
Shots for this period are 14 for Pittsburgh Penguins vs 9 for Nashville Predators.
2nd period
0:01 of 2nd period - Morgan Frost wins face-off versus Jean-Gabriel Pageau in neutral zone.
0:10 of 2nd period - Slapshot by Kevin Labanc.
0:10 of 2nd period - Deflect By Ryan Suter.
0:10 of 2nd period - Shot Blocked by Ryan Suter.
0:10 of 2nd period - Puck is out of play.
0:11 of 2nd period - Jean-Gabriel Pageau wins face-off versus Kevin Labanc in Pittsburgh Penguins zone.
0:16 of 2nd period - Slapshot by Sam Reinhart.
0:16 of 2nd period - Shot Misses the Net.
0:18 of 2nd period - Snap shot by Sam Reinhart.
0:18 of 2nd period - Stopped by Adin Hill with a rebound.
1:01 of 2nd period - Slapshot by Brian Dumoulin.
1:01 of 2nd period - Deflect By Phillip Danault.
1:01 of 2nd period - Shot Misses the Net.
1:01 of 2nd period - Puck is out of play.
1:02 of 2nd period - Phillip Danault wins face-off versus Patrick Maroon in Nashville Predators zone.
1:03 of 2nd period - Snap shot by Ryan Johansen.
1:03 of 2nd period - Shot Misses the Net.
1:11 of 2nd period - Snap shot by Phillip Danault.
1:11 of 2nd period - Deflect By Ryan Johansen.
1:11 of 2nd period - Shot Blocked by Henri Jokiharju.
1:11 of 2nd period - Puck is out of play.
1:12 of 2nd period - Jean-Gabriel Pageau wins face-off versus Morgan Frost in Nashville Predators zone.
1:39 of 2nd period - Markus Niemelainen is hit by J.J. Moser and loses puck.
1:57 of 2nd period - Icing by J.J. Moser.
1:58 of 2nd period - Leon Draisaitl wins face-off versus Patrick Maroon in Pittsburgh Penguins zone.
2:09 of 2nd period - Slapshot by Sam Reinhart.
2:09 of 2nd period - Stopped by Adin Hill with a rebound.
2:11 of 2nd period - Slapshot by Sam Reinhart.
2:11 of 2nd period - Stopped by Adin Hill without a rebound.
2:12 of 2nd period - Morgan Frost wins face-off versus Leon Draisaitl in Nashville Predators zone.
2:17 of 2nd period - Slapshot by Morgan Frost.
2:17 of 2nd period - Shot Misses the Net.
2:19 of 2nd period - Backhand shot by Ethan Bear.
2:19 of 2nd period - Shot Misses the Net.
2:21 of 2nd period - Snap shot by Kevin Labanc.
2:21 of 2nd period - Stopped by Marc-Andre Fleury with a rebound.
2:23 of 2nd period - Wrist shot by Kevin Labanc.
2:23 of 2nd period - Stopped by Marc-Andre Fleury with a rebound.
2:25 of 2nd period - Snap shot by Sam Gagner.
2:25 of 2nd period - Shot Blocked by Erik Karlsson.
2:27 of 2nd period - Slapshot by Henri Jokiharju.
2:27 of 2nd period - Stopped by Marc-Andre Fleury with a rebound.
2:46 of 2nd period - Snap shot by Jacob Peterson.
2:46 of 2nd period - Shot Blocked by Erik Karlsson.
2:56 of 2nd period - Justin Braun is hit by Phillip Danault and loses puck.
3:17 of 2nd period - Snap shot by Tom Wilson.
3:17 of 2nd period - Stopped by Adin Hill with a rebound.
3:29 of 2nd period - Snap shot by Morgan Frost.
3:29 of 2nd period - Stopped by Marc-Andre Fleury without a rebound.
3:30 of 2nd period - Leon Draisaitl wins face-off versus Thomas Novak in Pittsburgh Penguins zone.
3:30 of 2nd period - Leon Draisaitl is hit by Jacob Peterson.
4:19 of 2nd period - Icing by Ethan Bear.
4:20 of 2nd period - Phillip Danault wins face-off versus Rasmus Kupari in Nashville Predators zone.
4:29 of 2nd period - Snap shot by Phillip Danault.
4:29 of 2nd period - Deflect By Jordan Eberle.
4:29 of 2nd period - Shot Misses the Net.
4:29 of 2nd period - Puck is out of play.
4:30 of 2nd period - Morgan Frost wins face-off versus Jean-Gabriel Pageau in Nashville Predators zone.
4:48 of 2nd period - Icing by Brian Dumoulin.
4:49 of 2nd period - Thomas Novak wins face-off versus Jean-Gabriel Pageau in Pittsburgh Penguins zone.
5:38 of 2nd period - Snap shot by Rasmus Kupari.
5:38 of 2nd period - Stopped by Marc-Andre Fleury with a rebound.
5:40 of 2nd period - Snap shot by Zemgus Girgensons.
5:40 of 2nd period - Stopped by Marc-Andre Fleury without a rebound.
5:41 of 2nd period - Rasmus Kupari wins face-off versus Phillip Danault in Pittsburgh Penguins zone.
5:42 of 2nd period - Snap shot by Zemgus Girgensons.
5:42 of 2nd period - Stopped by Marc-Andre Fleury without a rebound.
5:43 of 2nd period - Phillip Danault wins face-off versus Rasmus Kupari in Pittsburgh Penguins zone.
5:48 of 2nd period - Slapshot by Ryan Johansen.
5:48 of 2nd period - Shot Blocked by Rasmus Kupari.
5:59 of 2nd period - Off-side.
6:00 of 2nd period - Leon Draisaitl wins face-off versus Thomas Novak in neutral zone.
6:50 of 2nd period - Markus Niemelainen is hit by Jordan Eberle and loses puck.
6:55 of 2nd period - Slapshot by Ryan Johansen.
6:55 of 2nd period - Shot Misses the Net.
6:57 of 2nd period - Slapshot by J.J. Moser.
6:57 of 2nd period - Deflect By Ryan Johansen.
6:57 of 2nd period - Shot Misses the Net.
6:57 of 2nd period - Puck is out of play.
6:58 of 2nd period - Jean-Gabriel Pageau wins face-off versus Thomas Novak in Nashville Predators zone.
7:01 of 2nd period - Snap shot by Jean-Gabriel Pageau.
7:01 of 2nd period - Shot Blocked by Jakub Voracek.
7:13 of 2nd period - Snap shot by Jakub Voracek.
7:13 of 2nd period - Shot Misses the Net.
8:27 of 2nd period - Slapshot by Jean-Gabriel Pageau.
8:27 of 2nd period - Stopped by Adin Hill with a rebound.
9:09 of 2nd period - Minor Penalty to Erik Gudbranson for Interference.
9:10 of 2nd period - Leon Draisaitl wins face-off versus Morgan Frost in Pittsburgh Penguins zone.
9:18 of 2nd period - Backhand shot by Sam Gagner.
9:18 of 2nd period - Shot Blocked by Brian Dumoulin.
9:20 of 2nd period - Wrist shot by Nate Schmidt.
9:20 of 2nd period - Shot Blocked by Leon Draisaitl.
9:22 of 2nd period - Wrist shot by Morgan Frost.
9:22 of 2nd period - Shot Misses the Net.
9:24 of 2nd period - Slapshot by Nate Schmidt.
9:24 of 2nd period - Deflect By Leon Draisaitl.
9:24 of 2nd period - Stopped by Marc-Andre Fleury without a rebound.
9:25 of 2nd period - Morgan Frost wins face-off versus Leon Draisaitl in Pittsburgh Penguins zone.
9:28 of 2nd period - Wrist shot by Sam Gagner.
9:28 of 2nd period - Shot Misses the Net.
10:14 of 2nd period - Wrist shot by Kevin Labanc.
10:14 of 2nd period - Stopped by Marc-Andre Fleury without a rebound.
10:15 of 2nd period - Phillip Danault wins face-off versus Morgan Frost in Pittsburgh Penguins zone.
10:15 of 2nd period - Phillip Danault is hit by Sam Gagner.
10:46 of 2nd period - Zemgus Girgensons is hit by Leon Draisaitl and loses puck.
11:09 of 2nd period - Penalty to Erik Gudbranson is over, Erik Gudbranson is back on ice.
11:51 of 2nd period - Markus Niemelainen is hit by Ryan Johansen and loses puck.
12:41 of 2nd period - Wrist shot by Morgan Frost.
12:41 of 2nd period - Goal by Morgan Frost - Pittsburgh Penguins : 1 - Nashville Predators : 1.
12:42 of 2nd period - Morgan Frost wins face-off versus Leon Draisaitl in neutral zone.
12:48 of 2nd period - Slapshot by Henri Jokiharju.
12:48 of 2nd period - Stopped by Marc-Andre Fleury with a rebound.
13:08 of 2nd period - Phillip Danault is hit by Rasmus Kupari and loses puck.
13:17 of 2nd period - Slapshot by Rasmus Kupari.
13:17 of 2nd period - Stopped by Marc-Andre Fleury without a rebound.
13:18 of 2nd period - Morgan Frost wins face-off versus Colton Sissons in Pittsburgh Penguins zone.
13:23 of 2nd period - Wrist shot by Morgan Frost.
13:23 of 2nd period - Shot Misses the Net.
13:25 of 2nd period - Snap shot by Sam Gagner.
13:25 of 2nd period - Shot Misses the Net.
13:27 of 2nd period - Slapshot by Nate Schmidt.
13:27 of 2nd period - Deflect By Morgan Frost.
13:27 of 2nd period - Shot Misses the Net.
13:27 of 2nd period - Puck is out of play.
13:28 of 2nd period - Colton Sissons wins face-off versus Morgan Frost in Pittsburgh Penguins zone.
13:41 of 2nd period - Wrist shot by Sam Gagner.
13:41 of 2nd period - Stopped by Marc-Andre Fleury with a rebound.
13:43 of 2nd period - Slapshot by Sam Gagner.
13:43 of 2nd period - Stopped by Marc-Andre Fleury with a rebound.
13:45 of 2nd period - Wrist shot by Morgan Frost.
13:45 of 2nd period - Stopped by Marc-Andre Fleury with a rebound.
13:47 of 2nd period - Slapshot by Henri Jokiharju.
13:47 of 2nd period - Stopped by Marc-Andre Fleury with a rebound.
13:49 of 2nd period - Slapshot by Henri Jokiharju.
13:49 of 2nd period - Shot Blocked by Erik Karlsson.
14:11 of 2nd period - Snap shot by Colton Sissons.
14:11 of 2nd period - Shot Misses the Net.
14:26 of 2nd period - Snap shot by Sam Gagner.
14:26 of 2nd period - Stopped by Marc-Andre Fleury with a rebound.
14:28 of 2nd period - Snap shot by Sam Gagner.
14:28 of 2nd period - Stopped by Marc-Andre Fleury without a rebound.
14:29 of 2nd period - Leon Draisaitl wins face-off versus Rasmus Kupari in Pittsburgh Penguins zone.
14:59 of 2nd period - Wrist shot by Jacob Peterson.
14:59 of 2nd period - Stopped by Marc-Andre Fleury without a rebound.
15:00 of 2nd period - Thomas Novak wins face-off versus Jordan Eberle in Pittsburgh Penguins zone.
15:03 of 2nd period - Slapshot by Jacob Peterson.
15:03 of 2nd period - Stopped by Marc-Andre Fleury without a rebound.
15:04 of 2nd period - Phillip Danault wins face-off versus Thomas Novak in Pittsburgh Penguins zone.
15:09 of 2nd period - Wrist shot by Phillip Danault.
15:09 of 2nd period - Goal by Phillip Danault - Pittsburgh Penguins : 2 - Nashville Predators : 1.
15:10 of 2nd period - Morgan Frost wins face-off versus Leon Draisaitl in neutral zone.
15:20 of 2nd period - Wrist shot by Leon Draisaitl.
15:20 of 2nd period - Shot Blocked by Morgan Frost.
15:26 of 2nd period - Wrist shot by Mitchell Marner.
15:26 of 2nd period - Stopped by Adin Hill with a rebound.
16:19 of 2nd period - Jakub Voracek is hit by Mattias Ekholm and loses puck.
16:26 of 2nd period - Slapshot by Tom Wilson.
16:26 of 2nd period - Shot Misses the Net.
16:56 of 2nd period - Icing by Anders Lee.
16:57 of 2nd period - Rasmus Kupari wins face-off versus Leon Draisaitl in Pittsburgh Penguins zone.
17:00 of 2nd period - Slapshot by Zemgus Girgensons.
17:00 of 2nd period - Stopped by Marc-Andre Fleury with a rebound.
17:02 of 2nd period - Snap shot by Justin Braun.
17:02 of 2nd period - Shot Blocked by J.J. Moser.
17:31 of 2nd period - Minor Penalty to Ryan Johansen for Roughing.
17:32 of 2nd period - Sam Reinhart wins face-off versus Thomas Novak in Pittsburgh Penguins zone.
17:32 of 2nd period - Sam Reinhart is hit by Ethan Bear.
18:02 of 2nd period - Off-side.
18:03 of 2nd period - Thomas Novak wins face-off versus Leon Draisaitl in neutral zone.
19:31 of 2nd period - Penalty to Ryan Johansen is over, Ryan Johansen is back on ice.
19:59 of 2nd period - Snap shot by Alex Newhook.
19:59 of 2nd period - Shot Misses the Net.
Goals for this period are 1 for Pittsburgh Penguins vs 1 for Nashville Predators.
Shots for this period are 7 for Pittsburgh Penguins vs 21 for Nashville Predators.
3rd period
0:01 of 3rd period - Leon Draisaitl wins face-off versus Morgan Frost in neutral zone.
0:04 of 3rd period - Ethan Bear is hit by Pavel Buchnevich and loses puck.
0:28 of 3rd period - Icing by Ethan Bear.
0:29 of 3rd period - Morgan Frost wins face-off versus Phillip Danault in Nashville Predators zone.
0:34 of 3rd period - Snap shot by Jacob Peterson.
0:34 of 3rd period - Stopped by Marc-Andre Fleury without a rebound.
0:35 of 3rd period - Phillip Danault wins face-off versus Jacob Peterson in Pittsburgh Penguins zone.
0:35 of 3rd period - Phillip Danault is hit by Jacob Peterson.
0:45 of 3rd period - Jacob Peterson is hit by Phillip Danault and loses puck.
0:52 of 3rd period - Ryan Johansen is hit by Thomas Novak and loses puck.
1:11 of 3rd period - Slapshot by Erik Karlsson.
1:11 of 3rd period - Shot Blocked by Nate Schmidt.
1:55 of 3rd period - Wrist shot by Phillip Danault.
1:55 of 3rd period - Shot Misses the Net.
1:57 of 3rd period - Minor Penalty to Justin Braun for Tripping.
1:58 of 3rd period - Rasmus Kupari wins face-off versus Leon Draisaitl in Nashville Predators zone.
2:39 of 3rd period - Ryan Carpenter is hit by Anders Lee and loses puck.
2:50 of 3rd period - Leon Draisaitl is hit by Ethan Bear and loses puck.
3:16 of 3rd period - Morgan Frost is hit by Sam Reinhart and loses puck.
3:57 of 3rd period - Penalty to Justin Braun is over, Justin Braun is back on ice.
4:07 of 3rd period - Colton Sissons is hit by Kevin Labanc and loses puck.
4:40 of 3rd period - Snap shot by Gabriel Vilardi.
4:40 of 3rd period - Shot Misses the Net.
4:50 of 3rd period - Phillip Danault is hit by Ethan Bear and loses puck.
5:11 of 3rd period - Wrist shot by Thomas Novak.
5:11 of 3rd period - Shot Misses the Net.
5:13 of 3rd period - Slapshot by Justin Braun.
5:13 of 3rd period - Stopped by Marc-Andre Fleury with a rebound.
5:15 of 3rd period - Wrist shot by Zemgus Girgensons.
5:15 of 3rd period - Stopped by Marc-Andre Fleury without a rebound.
5:16 of 3rd period - Thomas Novak wins face-off versus Colton Sissons in Pittsburgh Penguins zone.
5:29 of 3rd period - Slapshot by Patrick Maroon.
5:29 of 3rd period - Stopped by Marc-Andre Fleury with a rebound.
5:31 of 3rd period - Snap shot by Justin Braun.
5:31 of 3rd period - Stopped by Marc-Andre Fleury with a rebound.
5:33 of 3rd period - Snap shot by Justin Braun.
5:33 of 3rd period - Stopped by Marc-Andre Fleury without a rebound.
5:34 of 3rd period - Leon Draisaitl wins face-off versus Morgan Frost in Pittsburgh Penguins zone.
6:00 of 3rd period - Henri Jokiharju is hit by Jean-Gabriel Pageau and loses puck.
6:23 of 3rd period - Wrist shot by Jakub Voracek.
6:23 of 3rd period - Stopped by Marc-Andre Fleury with a rebound.
6:25 of 3rd period - Slapshot by Nate Schmidt.
6:25 of 3rd period - Deflect By Thomas Novak.
6:25 of 3rd period - Stopped by Marc-Andre Fleury with a rebound.
6:27 of 3rd period - Slapshot by Justin Braun.
6:27 of 3rd period - Stopped by Marc-Andre Fleury with a rebound.
6:29 of 3rd period - Snap shot by Jacob Peterson.
6:29 of 3rd period - Stopped by Marc-Andre Fleury without a rebound.
6:30 of 3rd period - Leon Draisaitl wins face-off versus Morgan Frost in Pittsburgh Penguins zone.
7:06 of 3rd period - Minor Penalty to Anders Lee for Holding.
7:07 of 3rd period - Thomas Novak wins face-off versus Sam Reinhart in Pittsburgh Penguins zone.
7:11 of 3rd period - Wrist shot by Jakub Voracek.
7:11 of 3rd period - Shot Misses the Net.
7:13 of 3rd period - Slapshot by Ethan Bear.
7:13 of 3rd period - Stopped by Marc-Andre Fleury with a rebound.
7:15 of 3rd period - Wrist shot by Thomas Novak.
7:15 of 3rd period - Shot Misses the Net.
9:06 of 3rd period - Penalty to Anders Lee is over, Anders Lee is back on ice.
9:13 of 3rd period - Snap shot by Erik Karlsson.
9:13 of 3rd period - Shot Misses the Net.
9:15 of 3rd period - Slapshot by Erik Karlsson.
9:15 of 3rd period - Shot Misses the Net.
9:17 of 3rd period - Slapshot by Mattias Ekholm.
9:17 of 3rd period - Shot Misses the Net.
9:19 of 3rd period - Slapshot by Erik Karlsson.
9:19 of 3rd period - Shot Misses the Net.
9:21 of 3rd period - Slapshot by Erik Karlsson.
9:21 of 3rd period - Shot Blocked by Ethan Bear.
9:23 of 3rd period - Snap shot by Colton Sissons.
9:23 of 3rd period - Goal by Colton Sissons - Pittsburgh Penguins : 3 - Nashville Predators : 1.
9:24 of 3rd period - Leon Draisaitl wins face-off versus Rasmus Kupari in neutral zone.
9:27 of 3rd period - Wrist shot by Pavel Buchnevich.
9:27 of 3rd period - Shot Misses the Net.
9:49 of 3rd period - Ryan Suter is hit by Thomas Novak and loses puck.
10:57 of 3rd period - Slapshot by Erik Karlsson.
10:57 of 3rd period - Stopped by Adin Hill with a rebound.
11:13 of 3rd period - Jean-Gabriel Pageau is hit by Justin Braun and loses puck.
11:37 of 3rd period - Wrist shot by Sam Gagner.
11:37 of 3rd period - Shot Misses the Net.
12:08 of 3rd period - Colton Sissons is hit by Rasmus Kupari.
12:14 of 3rd period - Justin Braun is hit by Colton Sissons and loses puck.
12:35 of 3rd period - Snap shot by Sam Gagner.
12:35 of 3rd period - Stopped by Marc-Andre Fleury with a rebound.
12:57 of 3rd period - Slapshot by Ryan Suter.
12:57 of 3rd period - Shot Misses the Net.
14:19 of 3rd period - Wrist shot by Ryan Johansen.
14:19 of 3rd period - Deflect By Thomas Novak.
14:19 of 3rd period - Stopped by Adin Hill with a rebound.
14:21 of 3rd period - Slapshot by Erik Gudbranson.
14:21 of 3rd period - Deflect By Phillip Danault.
14:21 of 3rd period - Shot Misses the Net.
14:21 of 3rd period - Puck is out of play.
14:22 of 3rd period - Rasmus Kupari wins face-off versus Leon Draisaitl in Nashville Predators zone.
14:29 of 3rd period - Wrist shot by Mitchell Marner.
14:29 of 3rd period - Stopped by Adin Hill with a rebound.
14:35 of 3rd period - Snap shot by Leon Draisaitl.
14:35 of 3rd period - Shot Misses the Net.
14:37 of 3rd period - Backhand shot by Mattias Ekholm.
14:37 of 3rd period - Stopped by Adin Hill without a rebound.
14:38 of 3rd period - Morgan Frost wins face-off versus Jean-Gabriel Pageau in Nashville Predators zone.
14:49 of 3rd period - Wrist shot by Morgan Frost.
14:49 of 3rd period - Shot Blocked by Mattias Ekholm.
15:07 of 3rd period - Wrist shot by Patrick Maroon.
15:07 of 3rd period - Shot Misses the Net.
15:55 of 3rd period - Snap shot by Leon Draisaitl.
15:55 of 3rd period - Stopped by Adin Hill without a rebound.
15:56 of 3rd period - Rasmus Kupari wins face-off versus Phillip Danault in Nashville Predators zone.
16:11 of 3rd period - Snap shot by Rasmus Kupari.
16:11 of 3rd period - Stopped by Marc-Andre Fleury with a rebound.
16:18 of 3rd period - Icing by Jordan Eberle.
16:19 of 3rd period - Ryan Carpenter wins face-off versus Phillip Danault in Pittsburgh Penguins zone.
16:20 of 3rd period - Snap shot by Alex Newhook.
16:20 of 3rd period - Deflect By Corey Perry.
16:20 of 3rd period - Shot Misses the Net.
16:20 of 3rd period - Puck is out of play.
16:21 of 3rd period - Phillip Danault wins face-off versus Ryan Carpenter in Pittsburgh Penguins zone.
16:46 of 3rd period - Colton Sissons is hit by Zemgus Girgensons.
16:54 of 3rd period - Snap shot by Gabriel Vilardi.
16:54 of 3rd period - Deflect By Tom Wilson.
16:54 of 3rd period - Stopped by Adin Hill without a rebound.
16:55 of 3rd period - Phillip Danault wins face-off versus Patrick Maroon in Nashville Predators zone.
16:56 of 3rd period - Wrist shot by Ryan Johansen.
16:56 of 3rd period - Shot Misses the Net.
17:02 of 3rd period - Jordan Eberle is hit by Patrick Maroon and loses puck.
17:53 of 3rd period - Slapshot by Erik Karlsson.
17:53 of 3rd period - Shot Blocked by Ethan Bear.
17:55 of 3rd period - Slapshot by Erik Karlsson.
17:55 of 3rd period - Shot Blocked by Ethan Bear.
18:25 of 3rd period - Wrist shot by Rasmus Kupari.
18:25 of 3rd period - Stopped by Marc-Andre Fleury with a rebound.
18:27 of 3rd period - Wrist shot by Rasmus Kupari.
18:27 of 3rd period - Deflect By Zemgus Girgensons.
18:27 of 3rd period - Stopped by Marc-Andre Fleury with a rebound.
19:22 of 3rd period - Icing by J.J. Moser.
19:23 of 3rd period - Leon Draisaitl wins face-off versus Thomas Novak in Pittsburgh Penguins zone.
Goals for this period are 1 for Pittsburgh Penguins vs 0 for Nashville Predators.
Shots for this period are 7 for Pittsburgh Penguins vs 15 for Nashville Predators.
Back to the Top